 Dungeon Crawl Stone Soup version 0.20-a0-893-g832831a (webtiles) character file.

290 Pinechild the Sneak (level 6, -2/32 HPs)
             Began as a Deep Elf Air Elementalist on Mar 17, 2017.
             Slain by a centaur (4 damage)
             ... on level 4 of the Dungeon on Mar 18, 2017.
             The game lasted 00:18:12 (4127 turns).

Pinechild the Sneak (Deep Elf Air Elementalist)     Turns: 4127, Time: 00:18:13

Health: -2/32      AC:  5    Str:  6    XL:     6   Next: 9%
Magic:  3/12       EV: 14    Int: 21    God:
Gold:   99         SH:  0    Dex: 15    Spells: 6/11 levels left

rFire    . . .     SeeInvis .   q - +0 dagger (drain)
rCold    . . .     Gourm    .   i - +0 leather armour
rNeg     . . .     Faith    .   (no shield)
rPois    .         Spirit   .   p - +0 helmet
rElec    .         Reflect  .   k - +0 cloak
rCorr    .         Harm     .   (no gloves)
MR       .....                  (no boots)
Stlth    +++.......             (no amulet)
Regen    0.1/turn               (no ring)
MPRegen  0.2/turn               (no ring)

@: very slightly contaminated
A: no striking features
a: no special abilities


You were on level 4 of the Dungeon.
You were hungry.

You visited 1 branch of the dungeon, and saw 4 of its levels.

You collected 99 gold pieces.

Inventory:

Hand Weapons
 e - a +0 spear
 q - a +0 dagger of draining (weapon)
Missiles
 f - 79 stones (quivered)
Armour
 a - a +0 robe
 i - a +0 leather armour (worn)
 k - a +0 cloak (worn)
 p - a +0 helmet (worn)
Wands
 t - a wand of random effects (22/48)
Scrolls
 d - 2 scrolls of teleportation
 j - a scroll of noise {unknown}
 l - a scroll of fear {unknown}
 m - 4 scrolls of identify
 o - a scroll of remove curse
 u - a scroll of amnesia
Potions
 g - a potion of brilliance
 n - 3 potions of might
 s - a potion of berserk rage
 w - a potion of degeneration {unknown}
Books
 b - a book of Air

   Spells                             Type                      Level
   a - Shock                          Conjuration/Air              1
   b - Swiftness                      Charms/Air                   2
   c - Static Discharge               Conjuration/Air              3
   d - Airstrike                      Air                          4
   e - Lightning Bolt                 Conjuration/Air              5
Comestibles
 c - 3 bread rations
 h - 2 meat rations
 r - 2 royal jellies
 v - 3 fruits


   Skills:
 + Level 4.8 Dodging
 + Level 5.0 Stealth
 - Level 3.0 Spellcasting
 - Level 1.1 Conjurations
 + Level 4.7 Air Magic


You had 6 spell levels left.
You knew the following spells:

 Your Spells              Type           Power        Failure   Level  Hunger
a - Shock                 Conj/Air       ###.         8%          1    None
b - Airstrike             Air            ###.......   30%         4    ####...


Dungeon Overview and Level Annotations

Branches:
Dungeon (4/15)
 Temple: D:4-7

Altars:
Elyvilon
Fedhas
Okawaru
Uskayaw
Yredelemnul

Annotations:
D:4 Dowan, Duvessa, Sigmund


Message History

Damage: -3%(-1hp) hp: 16%(5hp)
Casting: Shock
Confirm with . or Enter, or press ? or * to list all spells.
Aiming: Shock
Press: ? - help, Shift-Dir - straight line You miscast Shock.
You are very lightly contaminated with residual magic.
Nothing appears to happen.
Casting: Shock
Confirm with . or Enter, or press ? or * to list all spells.
Aiming: Shock
Press: ? - help, Shift-Dir - straight line That beam is likely to hit you.
Continue anyway?
The zap hits the centaur.
The centaur is heavily wounded.
The zap misses the centaur.
The zap hits you!
* * * LOW HITPOINT WARNING * * *
The centaur unwields an uncursed shortbow.
The centaur hits you.
You die...

@. #o#o### #. #...(.###..
.. #. #..........# #.
#.#####.#(#.####.# #?
#.......#.#... #.
####.#...)##### #.
#.###.)....# #. #.#
#.####c# ######.## #.# #.#
#@# .........
#.###.####.#####.#########.
#................. #.
#####.####..P.PPP ####.
#.####.#P.P #####.(..
#......#PP_P #.....##.
######.# PP ########) #.#
#) #.# #<


You could see a centaur.

Vanquished Creatures
  A scorpion (D:4)
  A howler monkey (D:4)
  A hound (D:4)
  7 adders
  A worm (D:3)
  5 dart slugs
  A leopard gecko (D:1)
  9 orcs
  3 giant cockroaches
  10 hobgoblins
  12 jackals
  10 kobolds
  A quokka (D:2)
  A ball python (D:2)
  6 bats
  6 frilled lizards
  7 goblins
  8 rats
90 creatures vanquished.

Notes
Turn   | Place    | Note
-------+----------+-------------------------------------------
     0 | D:1      | Pinechild the Deep Elf Air Elementalist began the quest for the Orb.
     0 | D:1      | Reached XP level 1. HP: 10/10 MP: 6/6
   344 | D:1      | Reached XP level 2. HP: 15/15 MP: 4/8
   618 | D:1      | Reached skill level 3 in Stealth
   833 | D:1      | Reached XP level 3. HP: 19/19 MP: 7/9
  1283 | D:2      | Huge Dmg: 5 dmg
  1442 | D:2      | Huge Dmg: 5 dmg
  1619 | D:2      | Huge Dmg: 4 dmg
  1620 | D:2      | Huge Dmg: 4 dmg
  1925 | D:2      | Reached XP level 4. HP: 24/24 MP: 4/10
  1931 | D:2      | Learned a level 4 spell: Airstrike
  2195 | D:2      | Found an iron altar of Okawaru.
  2351 | D:2      | Found a hide-covered altar of Uskayaw.
  2351 | D:2      | Noticed a hand axe
  2351 | D:2      | Noticed a dagger
  2880 | D:3      | Found a white marble altar of Elyvilon.
  3022 | D:3      | Found a basalt altar of Yredelemnul.
  3151 | D:3      | Reached skill level 4 in Stealth
  3529 | D:4      | Reached XP level 5. HP: 28/28 MP: 7/11
  3650 | D:4      | Noticed Duvessa
  3764 | D:4      | Noticed Dowan
  3905 | D:4      | Huge Dmg: 6 dmg
  3909 | D:4      | Reached XP level 6. HP: 22/32 MP: 5/12
  4010 | D:4      | Found a blossoming altar of Fedhas.
  4039 | D:4      | Noticed Sigmund
  4094 | D:4      | Reached skill level 5 in Stealth
  4125 | D:4      | Huge Dmg: 5 dmg
  4127 | D:4      | Slain by a centaur

Vault maps used:
D:1:      dpeg_arrival_three_same_balls, serial_forest, infiniplex_forest_join,
          infiniplex_forest_side_room, infiniplex_forest_lined_1,
          infiniplex_forest_clump_double, infiniplex_forest_clump_long,
          infiniplex_forest_fountain, infiniplex_forest_lined_1,
          infiniplex_forest_corner_1, infiniplex_forest_lined_ring
D:2:      dancing_weapons_uskayaw, kennysheep_okawaru_gauntlet,
          minmay_misc_feat_x
D:3:      kennysheep_ying_yang
D:4:      fedhas_bush_and_centaur_altar, first_bread, uniq_duvessa, uniq_sigmund

Skill      XL: |  1  2  3  4  5  6 |
---------------+-------------------+-----
Stealth        | 3 4 5 |  5.0
Dodging        | 3 4 |  4.8
Air Magic      | 4 |  4.7
Spellcasting   | |  3.0
Conjurations   | |  1.1

Action                   |  1- 3 |  4- 6 || total
-------------------------+-------+-------++-------
Melee: Spear             |    71 |     1 ||    72
 Cast: Shock             |    98 |   128 ||   226
  Use: Scroll            |     1 |     5 ||     6
  Eat: Chunk             |     3 |     6 ||     9
Armor: Robe              |     4 |    11 ||    15
       Leather armour    |       |     2 ||     2
Dodge: Dodged            |    22 |    21 ||    43
